 Dungeon Crawl Stone Soup version 0.23-a0-619-g281719c (console) character file.

40 Duffy the Magician (level 3, -3/30 HPs)
             Began as a Naga Wizard on Dec 22, 2018.
             Slain by an orc
             ... wielding a +0 falchion of flaming
              (7 damage)
             ... on level 2 of the Dungeon.
             The game lasted 00:01:37 (1631 turns).

Duffy the Magician (Naga Wizard)                    Turns: 1631, Time: 00:01:37

Health: -3/30      AC:  2    Str:  9    XL:     3   Next: 50%
Magic:  2/8        EV: 10    Int: 19    God:
Gold:   25         SH:  0    Dex:  9    Spells: 0/9 levels left

rFire    . . .     SeeInvis +   e - +1 dagger (venom)
rCold    . . .     Gourm    .   (no shield)
rNeg     . . .     Faith    .   a - +0 robe
rPois    +         Spirit   .   b - +0 hat
rElec    .         Reflect  .   (no cloak)
rCorr    .         Harm     .   (no gloves)
MR       .....                  (no barding)
Stlth    ++........             (no amulet)
HPRegen  0.10/turn              (no ring)
MPRegen  0.11/turn              (no ring)

@: very slightly contaminated, very slow
A: large, see invisible, deformed body, poison resistance, slowness 2, slow
metabolism 1, spit poison 1, AC +1
a: Spit Poison


You were on level 2 of the Dungeon.
You were very hungry.

You visited 1 branch of the dungeon, and saw 3 of its levels.

You collected 25 gold pieces.

Inventory:

Hand Weapons
 e - a +1 dagger of venom (weapon)
Armour
 a - a +0 robe (worn)
 b - a +0 hat (worn)
Scrolls
 c - a scroll of random uselessness {unknown}
Potions
 f - a potion of degeneration {unknown}
Comestibles
 d - 4 rations


   Skills:
 * Level 0.3 Fighting
 - Level 1.5 Dodging
 - Level 3.0 Stealth
 + Level 3.6 Spellcasting
 + Level 2.3 Conjurations
   Level 1.0 Summonings
 - Level 1.0 Translocations


You couldn't memorise any spells.
You knew the following spells:

 Your Spells              Type           Power        Failure   Level  Hunger
b - Blink                 Tloc           N/A          14%         2    ##.....
h - Magic Dart            Conj           ##..         5%          1    None
k - Mephitic Cloud        Conj/Pois/Air  #.......     30%         3    ###....
l - Conjure Flame         Conj/Fire      #.......     26%         3    ###....

Your spell library contained the following spells:

 Spells                   Type           Power        Failure   Level  Hunger
 Call Imp                 Summ           #.......     14%         2    ##.....
 Slow                     Hex            #.......     22%         2    ##.....


Dungeon Overview and Level Annotations

Branches:
Dungeon (3/15)

Altars:


Innate Abilities, Weirdness & Mutations

You cannot wear boots.
Your serpentine skin is tough. (AC +1)
You have supernaturally acute eyesight. (SInv)
Armour fits poorly on your strangely shaped body.
Your system is resistant to poisons. (rPois)
You cover ground very slowly.
You have a slow metabolism.
You can spit poison.


Message History

Casting: Magic Dart (safe; 5% risk of failure)
Confirm with . or Enter, or press ? or * to list all spells.
Aiming: Mephitic Cloud (safe; 30% risk of failure)
Press: ? - help, Shift-Dir - straight line, f - orc
Aim: an orc, wielding a +0 falchion of flaming (lightly wounded, poisoned)
You miscast Mephitic Cloud.
You are very lightly contaminated with residual magic.
You feel faint for a moment. The orc misses you.
Casting: Mephitic Cloud (safe; 30% risk of failure)
Confirm with . or Enter, or press ? or * to list all spells.
Aiming: Mephitic Cloud (safe; 30% risk of failure)
Press: ? - help, Shift-Dir - straight line, f/p - orc
Aim: an orc, wielding a +0 falchion of flaming (lightly wounded, poisoned)
The ball explodes into a vile cloud!
The stinking cloud engulfs the orc.
The orc is lightly wounded.
The stinking cloud engulfs you!
You hear a shout!
The orc is engulfed in noxious fumes.
The orc appears confused.
The orc hits you with a +0 falchion of flaming!
You die...

#...###### #........#
### #..()..#.. ~~~.7
#.######.(......# ~~~P.
#..........#....# ~~~~7P
#.###.#(........# .~~~~P
#.###<.......#..##.~~~~~
#.(...........o0....~~~~
#.##(.........0@.....~~~
###..........#[.)......~
#<..............#.....
#.)...................
#....................#
#..##>.....#..........
#.............##..##.#
#................... .
#.##...#......##.####


You could see an orc (confused).

Vanquished Creatures
  An adder (D:1)
  An ooze (D:1)
  A worm (D:1)
  A dart slug (D:1)
  2 orcs (D:2)
  4 bats
  4 goblins
  A hobgoblin (D:2)
  2 kobolds
  3 rats (D:1)
20 creatures vanquished.

Notes
Turn   | Place    | Note
-------+----------+-------------------------------------------
     0 | D:1      | Duffy the Naga Wizard began the quest for the Orb.
     0 | D:1      | Reached XP level 1. HP: 15/15 MP: 4/4
   108 | D:1      | Reached XP level 2. HP: 22/22 MP: 0/6
   840 | D:1      | Reached XP level 3. HP: 7/28 MP: 0/8
  1617 | D:2      | Learned a level 3 spell: Mephitic Cloud
  1621 | D:2      | Learned a level 3 spell: Conjure Flame
  1624 | D:2      | Learned a level 2 spell: Blink
  1631 | D:2      | Slain by an orc

Vault maps used:
D:1:      moated_graveyard_arrival
D:2:      overflow_temple_1_default, led_sif_pool, serial_curves,
          eino_curves_02, eino_curves_04, fedhas_ov_isle_minmay, uniq_natasha
D:3:      grunt_temple_overflow_diamond

Skill      XL: |  1  2 |
---------------+-------+-----
Conjurations   | 2 |  2.3
Fighting       | |  0.3
Dodging        | |  1.5
Stealth        | |  3.0
Spellcasting   | |  3.6
Summonings     | |  1.0
Translocations | |  1.0

Action                   || total
-------------------------++-------
Melee: Dagger            ||    27
 Cast: Magic Dart        ||    43
       Mephitic Cloud    ||     1
 Abil: Spit Poison       ||     9
Armor: Robe              ||     7
Dodge: Dodged            ||    24

Table legend:
 A = Non-vault XP
 B = Vault XP
 C = Vault XP percentage of total XP
 D = Non-vault monster count
 E = Vault monster count
 F = Vault count percentage of total count
                 A         B        C        D         E       F
            +---------+---------+-------+---------+---------+-------
      Total |      58 |       0 |   0.0 |      20 |       0 |   0.0
            +---------+---------+-------+---------+---------+-------
        D:1 |      41 |       0 |   0.0 |      12 |       0 |   0.0
        D:2 |      17 |       0 |   0.0 |       8 |       0 |   0.0
            +---------+---------+-------+---------+---------+-------
